Canadiens vs Sharks
Created - April 28, 2017 at 18:21
Goals
|
| Canadiens |
1 |
1 |
1 |
3 |
| Sharks |
0 |
0 |
1 |
1 |
|
Shots
|
| Canadiens |
12 |
16 |
6 |
34 |
| Sharks |
7 |
13 |
5 |
25 |
|
1st period
1. Canadiens , Tomas Plekanec 14 (Wade Redden 5, Devin Setoguchi 18) at 16:23
Penalties :
David Legwand (SJS) for Slashing (Minor) at 6:19, Matt Carle (Mon) for Hooking (Minor) at 9:11, Derek Boogaard (SJS) for Fighting (Major) at 13:43, Patrick Sharp (Mon) for Fighting (Major) at 13:43
2nd period
2. Canadiens , Jiri Tlusty 4 (Andrei Loktionov 32, Patrick Sharp 46) at 14:10
Penalties :
Matt Carle (Mon) for Holding Stick (Minor) at 3:25, Martin Erat (SJS) for Tripping (Minor) at 6:04, Dustin Boyd (Mon) for Interference (Minor) at 16:59
3rd period
3. Sharks , Cal Clutterbuck 17 (Mike Green 49, Mike Brodeur) at 0:52 (PP)
4. Canadiens , Devin Setoguchi 22 (Wade Redden 6, Dennis Wideman 47) at 6:28
Penalties :
Tomas Plekanec (Mon) for Hooking (Minor) at 0:21, Wade Redden (Mon) for Hooking (Minor) at 7:38
Goalie Stats
Jonathan Bernier (Mon), 24 saves from 25 shots - (0.960), W, 26-22-7, 60:00 minutes
Mike Brodeur (SJS), 31 saves from 34 shots - (0.912), L, 9-8-1, 60:00 minutes
Players Stats for Canadiens
Player Name G A P +/- PIM S H SB GA TA FO MP PP MP PK MP
------------------------------------------------------------------------------------
Andrei Loktionov 0 1 1 2 0 1 2 0 1 2 0/4 14:55 0:13 0:00
Brett Maclean 0 0 0 1 0 0 0 0 0 0 0/0 14:28 0:08 1:09
Dennis Wideman 0 1 1 0 0 1 2 0 1 0 0/0 27:13 2:23 4:21
Devin Setoguchi 1 1 2 2 0 6 1 1 0 0 0/1 19:36 2:01 2:21
Dustin Boyd 0 0 0 0 2 6 1 0 0 0 6/14 18:26 1:44 0:25
Evgeny Dadonov 0 0 0 0 0 1 1 0 0 0 0/1 10:20 0:00 2:11
Greg Stewart 0 0 0 0 0 2 1 1 0 0 0/0 20:39 1:44 4:11
Jiri Tlusty 1 0 1 1 0 2 0 0 1 0 0/0 10:33 0:00 0:00
Jon Merrill 0 0 0 0 0 2 0 0 0 0 0/0 3:41 0:00 0:31
Jonas Hoglund 0 0 0 0 0 0 0 0 0 0 0/0 16:30 1:44 0:00
Ladislav Smid 0 0 0 2 0 1 2 2 0 1 0/0 20:40 1:35 3:35
Martin Hanzal 0 0 0 0 0 0 1 0 0 0 0/3 5:22 0:00 0:00
Matt Carle 0 0 0 1 4 1 0 1 0 0 0/0 12:12 0:00 0:00
Patrick Sharp 0 1 1 1 5 3 2 0 0 0 3/6 21:12 2:14 4:19
Stephane Robidas 0 0 0 0 0 0 1 3 0 1 0/0 24:03 2:23 4:21
Tomas Plekanec 1 0 1 2 2 6 0 1 1 0 10/30 18:47 2:06 2:18
Torey Krug 0 0 0 1 0 1 1 0 0 0 0/0 13:05 0:00 1:29
Wade Redden 0 2 2 2 2 1 2 1 0 2 0/0 19:45 1:35 2:37
Players Stats for Sharks
Player Name G A P +/- PIM S H SB GA TA FO MP PP MP PK MP
------------------------------------------------------------------------------------
Andrej Sekera 0 0 0 0 0 0 0 0 0 1 0/0 13:36 0:20 0:00
Antoine Vermette 0 0 0 -2 0 3 1 1 0 0 9/12 19:18 3:50 1:35
Brad Boyes 0 0 0 -1 0 3 2 1 0 0 2/2 21:44 4:37 2:05
Cal Clutterbuck 1 0 1 -2 0 4 2 0 0 0 0/1 17:40 3:50 0:00
David Legwand 0 0 0 -1 2 5 2 0 0 0 23/34 23:29 4:28 1:04
Derek Boogaard 0 0 0 0 5 0 0 0 0 0 0/1 17:37 4:26 1:51
Erik Cole 0 0 0 0 0 1 1 1 0 0 0/0 14:18 0:00 0:02
Greg Campbell 0 0 0 0 0 1 0 0 0 0 4/5 15:24 0:00 1:19
Kevin Shattenkirk 0 0 0 -1 0 2 0 0 1 0 0/0 20:03 3:15 2:12
Kim Johnsson 0 0 0 -1 0 0 2 1 0 0 0/0 20:03 3:15 2:12
Lasse Kukkonen 0 0 0 -2 0 0 0 0 1 2 0/0 26:21 4:52 1:46
Mark Streit 0 0 0 0 0 0 1 0 0 0 0/0 13:36 0:20 0:00
Martin Erat 0 0 0 0 2 0 0 0 1 0 0/1 14:13 0:00 0:00
Mike Green 0 1 1 -2 0 5 1 1 2 1 0/0 26:21 4:52 1:46
Oskar Osala 0 0 0 -1 0 0 1 0 0 0 0/1 5:41 0:20 0:00
Ryane Clowe 0 0 0 -2 0 0 1 0 0 0 0/0 17:43 3:50 0:00
T.J. Hensick 0 0 0 0 0 0 0 0 0 0 2/2 4:26 0:00 0:00
Tuomo Ruutu 0 0 0 0 0 1 0 0 1 0 0/0 4:26 0:00 0:00
3 Stars
1 - Devin Setoguchi (Mon)
2 - Jonathan Bernier (Mon)
3 - Wade Redden (Mon)
Power Play
Canadiens - 0 on 2 Attempt(s) - 0.00%
Sharks - 1 on 5 Attempt(s) - 20.00%
Penalty Kill
Canadiens - 4 on 5 Attempt(s) - 80.00%
- Score 0 goal in Penalty Kill
Sharks - 2 on 2 Attempt(s) - 100.00%
- Score 0 goal in Penalty Kill
Team Stat
Canadiens - Hits : 17 - Faceoff Wins : 19 - Blocked Shots : 10 - Penalty Minutes : 15
Sharks - Hits : 14 - Faceoff Wins : 40 - Blocked Shots : 5 - Penalty Minutes : 9
Official
Referees : Joannette Marc and Kozari Steve
Linesman : Jonny Murray and Brad Lazarowich
Game Notes
Derek Boogaard and Patrick Sharp fight to a draw at 13:43 of 1st period
Finance
Level 1 -- Attendance: 4005 (66.75%) -- Ticket Income $360,450
Level 2 -- Attendance: 3206 (64.12%) -- Ticket Income $192,360
Level 3 -- Attendance: 1158 (57.90%) -- Ticket Income $46,320
Level 4 -- Attendance: 3787 (94.68%) -- Ticket Income $75,740
Luxury Box -- Attendance: 652 (65.20%) -- Ticket Income $117,360
Game was played at the Hockey Place Center.
Total Attendance: 12808 (71.16%)
Total Ticket Income: $792,230
Other Income: $118,834
Total Income: $911,064
Canadiens
5 vs 5 Forward
Center Left Wing Right Wing Time % Phy DF OF
1 Tomas Plekanec Patrick Sharp Devin Setoguchi 40 1 2 2
2 Dustin Boyd Greg Stewart Jonas Hoglund 30 1 2 2
3 Andrei Loktionov Brett Maclean Jiri Tlusty 20 1 2 2
4 Martin Hanzal Evgeny Dadonov Patrick Sharp 10 1 2 2
5 vs 5 Defense
Defense Defense Time % Phy DF OF
1 Dennis Wideman Stephane Robidas 40 1 2 2
2 Ladislav Smid Wade Redden 30 1 2 2
3 Matt Carle Torey Krug 20 1 2 2
4 Jon Merrill Dennis Wideman 10 1 2 2
PowerPlay Forward
Center Left Wing Right Wing Time % Phy DF OF
1 Tomas Plekanec Patrick Sharp Devin Setoguchi 60 1 2 2
2 Dustin Boyd Greg Stewart Jonas Hoglund 40 1 2 2
PowerPlay Defense
Defense Defense Time % Phy DF OF
1 Dennis Wideman Stephane Robidas 60 1 2 2
2 Ladislav Smid Wade Redden 40 1 2 2
Penalty Kill 4 Players Forward
Center Wing Time % Phy DF OF
1 Patrick Sharp Greg Stewart 60 1 2 2
2 Devin Setoguchi Tomas Plekanec 40 1 2 2
Penalty Kill 4 Players Defense
Defense Defense Time % Phy DF OF
1 Dennis Wideman Stephane Robidas 60 1 2 2
2 Ladislav Smid Wade Redden 40 1 2 2
Penalty Kill - 3 Players Forward
Forward Time % Phy DF OF
1 Patrick Sharp 60 1 2 2
2 Greg Stewart 40 1 2 2
Penalty Kill - 3 Players Defense
Defense Defense Time % Phy DF OF
1 Dennis Wideman Stephane Robidas 60 1 2 2
2 Ladislav Smid Wade Redden 40 1 2 2
4 vs 4 Forward
Center Wing Time % Phy DF OF
1 Patrick Sharp Greg Stewart 60 1 2 2
2 Devin Setoguchi Tomas Plekanec 40 1 2 2
4 vs 4 Defense
Defense Defense Time % Phy DF OF
1 Dennis Wideman Stephane Robidas 60 1 2 2
2 Ladislav Smid Wade Redden 40 1 2 2
Last Minutes Offensive
Center Left Wing Right Wing Defense Defense
Tomas Plekanec Patrick Sharp Devin Setoguchi Dennis Wideman Stephane Robidas
Last Minutes Defensive
Center Left Wing Right Wing Defense Defense
Tomas Plekanec Patrick Sharp Devin Setoguchi Dennis Wideman Stephane Robidas
Goaltenders
Starting : Jonathan Bernier
Backup : Tobias Stephan
Extra Forwards
Normal : Andrei Loktionov, Brett Maclean, Evgeny Dadonov - PP : Andrei Loktionov, Brett Maclean - PK : Evgeny Dadonov
Extra Defensemen
Normal : Matt Carle, Torey Krug, Jon Merrill - PP : Matt Carle - PK : Torey Krug, Jon Merrill
Penalty Shots
Patrick Sharp, Greg Stewart, Devin Setoguchi, Tomas Plekanec, Dustin Boyd
Scratches
Tobias Rieder (Healthy), Jay McKee (Suspend)
Sharks
5 vs 5 Forward
Center Left Wing Right Wing Time % Phy DF OF
1 David Legwand Derek Boogaard Brad Boyes 40 1 2 2
2 Antoine Vermette Ryane Clowe Cal Clutterbuck 30 1 2 2
3 Greg Campbell Erik Cole Martin Erat 20 1 2 2
4 T.J. Hensick Tuomo Ruutu David Legwand 10 1 2 2
5 vs 5 Defense
Defense Defense Time % Phy DF OF
1 Mike Green Lasse Kukkonen 40 1 2 2
2 Kevin Shattenkirk Kim Johnsson 30 1 2 2
3 Mark Streit Andrej Sekera 20 1 2 2
4 Mike Green Lasse Kukkonen 10 1 2 2
PowerPlay Forward
Center Left Wing Right Wing Time % Phy DF OF
1 David Legwand Derek Boogaard Brad Boyes 60 1 2 2
2 Antoine Vermette Ryane Clowe Cal Clutterbuck 40 1 2 2
PowerPlay Defense
Defense Defense Time % Phy DF OF
1 Mike Green Lasse Kukkonen 60 1 2 2
2 Kevin Shattenkirk Kim Johnsson 40 1 2 2
Penalty Kill 4 Players Forward
Center Wing Time % Phy DF OF
1 David Legwand Brad Boyes 60 1 2 2
2 Derek Boogaard Antoine Vermette 40 1 2 2
Penalty Kill 4 Players Defense
Defense Defense Time % Phy DF OF
1 Mike Green Lasse Kukkonen 60 1 2 2
2 Kevin Shattenkirk Kim Johnsson 40 1 2 2
Penalty Kill - 3 Players Forward
Forward Time % Phy DF OF
1 David Legwand 60 1 2 2
2 Brad Boyes 40 1 2 2
Penalty Kill - 3 Players Defense
Defense Defense Time % Phy DF OF
1 Mike Green Lasse Kukkonen 60 1 2 2
2 Kevin Shattenkirk Kim Johnsson 40 1 2 2
4 vs 4 Forward
Center Wing Time % Phy DF OF
1 David Legwand Brad Boyes 60 1 2 2
2 Derek Boogaard Antoine Vermette 40 1 2 2
4 vs 4 Defense
Defense Defense Time % Phy DF OF
1 Mike Green Lasse Kukkonen 60 1 2 2
2 Kevin Shattenkirk Kim Johnsson 40 1 2 2
Last Minutes Offensive
Center Left Wing Right Wing Defense Defense
David Legwand Derek Boogaard Brad Boyes Mike Green Lasse Kukkonen
Last Minutes Defensive
Center Left Wing Right Wing Defense Defense
David Legwand Derek Boogaard Brad Boyes Mike Green Lasse Kukkonen
Goaltenders
Starting : Mike Brodeur
Backup : Frederik Andersen
Extra Forwards
Normal : Oskar Osala, Erik Cole, Greg Campbell - PP : Oskar Osala, Erik Cole - PK : Greg Campbell
Extra Defensemen
Normal : Mark Streit, Andrej Sekera, Kevin Shattenkirk - PP : Mark Streit - PK : Andrej Sekera, Kevin Shattenkirk
Penalty Shots
David Legwand, Brad Boyes, Derek Boogaard, Antoine Vermette, Ryane Clowe
Scratches
Boris Valabik (Bruised Right Leg Injury), Nick Palmieri (Healthy), Damien Brunner (Healthy)
% Time on Ice - Canadiens
Lines # - Real PCT - Wanted PCT - Time Play
Normal Forward
1 - 34% - 40% - 16:06
2 - 33% - 30% - 15:34
3 - 22% - 20% - 10:33
4 - 11% - 10% - 5:22
Normal Defense
1 - 36% - 40% - 17:19
2 - 33% - 30% - 15:30
3 - 24% - 20% - 11:36
4 - 7% - 10% - 3:10
PP Forward
1 - 56% - 60% - 2:14
2 - 44% - 40% - 1:44
PP Defense
1 - 60% - 60% - 2:23
2 - 40% - 40% - 1:35
PK Forward
1 - 72% - 60% - 6:06
2 - 28% - 40% - 2:21
PK Defense
1 - 58% - 60% - 4:52
2 - 42% - 40% - 3:35
PK3 Forward
1 - 0% - 60%
2 - 0% - 40%
PK3 Defense
1 - 0% - 60%
2 - 0% - 40%
44 Forward
1 - 0% - 60%
2 - 0% - 40%
44 Defense
1 - 0% - 60%
2 - 0% - 40%
Last Minute Offensive - 0:00
Last Minute Defensive - 0:00
Total
Forward - 60:00
Defense - 60:00
|
% Time on Ice - Sharks
Lines # - Real PCT - Wanted PCT - Time Play
Normal Forward
1 - 32% - 40% - 15:18
2 - 31% - 30% - 14:41
3 - 28% - 20% - 13:10
4 - 9% - 10% - 4:26
Normal Defense
1 - 39% - 40% - 18:47
2 - 33% - 30% - 15:37
3 - 26% - 20% - 12:15
4 - 2% - 10% - 0:56
PP Forward
1 - 55% - 60% - 4:37
2 - 45% - 40% - 3:50
PP Defense
1 - 58% - 60% - 4:52
2 - 42% - 40% - 3:35
PK Forward
1 - 86% - 60% - 3:25
2 - 14% - 40% - 0:33
PK Defense
1 - 45% - 60% - 1:46
2 - 55% - 40% - 2:12
PK3 Forward
1 - 0% - 60%
2 - 0% - 40%
PK3 Defense
1 - 0% - 60%
2 - 0% - 40%
44 Forward
1 - 0% - 60%
2 - 0% - 40%
44 Defense
1 - 0% - 60%
2 - 0% - 40%
Last Minute Offensive - 0:00
Last Minute Defensive - 0:00
Total
Forward - 60:00
Defense - 60:00
|
Play by Play
1st period
0:01 of 1st period - Tomas Plekanec wins face-off versus David Legwand in neutral zone.
0:10 of 1st period - Slapshot by Tomas Plekanec.
0:10 of 1st period - Stopped by Mike Brodeur without a rebound.
0:11 of 1st period - Dustin Boyd wins face-off versus Antoine Vermette in Sharks zone.
0:33 of 1st period - Icing by Wade Redden.
0:34 of 1st period - Greg Campbell wins face-off versus Andrei Loktionov in Canadiens zone.
0:55 of 1st period - Mark Streit is hit by Ladislav Smid.
1:45 of 1st period - Ladislav Smid is hit by Erik Cole and loses puck.
2:22 of 1st period - Snap shot by Erik Cole.
2:22 of 1st period - Shot Misses the Net.
2:32 of 1st period - Slapshot by Erik Cole.
2:32 of 1st period - Stopped by Jonathan Bernier without a rebound.
2:33 of 1st period - David Legwand wins face-off versus Tomas Plekanec in Canadiens zone.
2:44 of 1st period - Wrist shot by Derek Boogaard.
2:44 of 1st period - Shot Misses the Net.
3:04 of 1st period - Off-side.
3:05 of 1st period - Tomas Plekanec wins face-off versus David Legwand in neutral zone.
3:24 of 1st period - Devin Setoguchi is hit by Kim Johnsson and loses puck.
3:45 of 1st period - Snap shot by Dustin Boyd.
3:45 of 1st period - Shot Misses the Net.
3:47 of 1st period - Snap shot by Dustin Boyd.
3:47 of 1st period - Stopped by Mike Brodeur with a rebound.
4:40 of 1st period - Icing by Greg Stewart.
4:41 of 1st period - Dustin Boyd wins face-off versus Oskar Osala in Canadiens zone.
5:36 of 1st period - Off-side.
5:37 of 1st period - Antoine Vermette wins face-off versus Andrei Loktionov in neutral zone.
5:42 of 1st period - Wrist shot by Mike Green.
5:42 of 1st period - Deflect By Andrei Loktionov.
5:42 of 1st period - Stopped by Jonathan Bernier with a rebound.
6:14 of 1st period - Snap shot by Jiri Tlusty.
6:14 of 1st period - Shot Misses the Net.
6:16 of 1st period - Snap shot by Jiri Tlusty.
6:16 of 1st period - Stopped by Mike Brodeur without a rebound.
6:17 of 1st period - David Legwand wins face-off versus Tomas Plekanec in Sharks zone.
6:19 of 1st period - Minor Penalty to David Legwand for Slashing.
6:20 of 1st period - Brad Boyes wins face-off versus Patrick Sharp in Sharks zone.
6:46 of 1st period - Greg Stewart is hit by Mike Green and loses puck.
8:19 of 1st period - Penalty to David Legwand is over, David Legwand is back on ice.
8:40 of 1st period - Tuomo Ruutu is hit by Andrei Loktionov and loses puck.
9:03 of 1st period - Slapshot by Torey Krug.
9:03 of 1st period - Stopped by Mike Brodeur with a rebound.
9:11 of 1st period - Minor Penalty to Matt Carle for Hooking.
9:12 of 1st period - David Legwand wins face-off versus Patrick Sharp in Canadiens zone.
9:25 of 1st period - Slapshot by Brad Boyes.
9:25 of 1st period - Stopped by Jonathan Bernier with a rebound.
9:27 of 1st period - Wrist shot by Brad Boyes.
9:27 of 1st period - Shot Misses the Net.
11:11 of 1st period - Penalty to Matt Carle is over, Matt Carle is back on ice.
12:04 of 1st period - Icing by Jonas Hoglund.
12:05 of 1st period - Greg Campbell wins face-off versus Dustin Boyd in Canadiens zone.
12:10 of 1st period - Snap shot by Ryane Clowe.
12:10 of 1st period - Shot Blocked by Greg Stewart.
13:12 of 1st period - Snap shot by Martin Erat.
13:12 of 1st period - Shot Blocked by Ladislav Smid.
13:24 of 1st period - Snap shot by Greg Stewart.
13:24 of 1st period - Stopped by Mike Brodeur with a rebound.
13:26 of 1st period - Slapshot by Greg Stewart.
13:26 of 1st period - Shot Misses the Net.
13:28 of 1st period - Backhand shot by Greg Stewart.
13:28 of 1st period - Stopped by Mike Brodeur without a rebound.
13:29 of 1st period - David Legwand wins face-off versus Tomas Plekanec in Sharks zone.
13:34 of 1st period - Backhand shot by Mike Green.
13:34 of 1st period - Stopped by Jonathan Bernier without a rebound.
13:35 of 1st period - David Legwand wins face-off versus Tomas Plekanec in Canadiens zone.
13:38 of 1st period - Wrist shot by Brad Boyes.
13:38 of 1st period - Shot Blocked by Stephane Robidas.
13:43 of 1st period - Derek Boogaard and Patrick Sharp fight to a draw.
13:43 of 1st period - Penalty to Derek Boogaard for Fighting.
13:43 of 1st period - Penalty to Patrick Sharp for Fighting.
13:44 of 1st period - David Legwand wins face-off versus Devin Setoguchi in Canadiens zone.
13:50 of 1st period - Icing by Dennis Wideman.
13:51 of 1st period - David Legwand wins face-off versus Tomas Plekanec in Canadiens zone.
13:56 of 1st period - Wrist shot by David Legwand.
13:56 of 1st period - Deflect By Brad Boyes.
13:56 of 1st period - Shot Misses the Net.
13:56 of 1st period - Puck is out of play.
13:57 of 1st period - Tomas Plekanec wins face-off versus David Legwand in Canadiens zone.
14:24 of 1st period - Cal Clutterbuck is hit by Martin Hanzal and loses puck.
14:31 of 1st period - Snap shot by Antoine Vermette.
14:31 of 1st period - Stopped by Jonathan Bernier without a rebound.
14:32 of 1st period - David Legwand wins face-off versus Tomas Plekanec in Canadiens zone.
14:37 of 1st period - Wrist shot by Brad Boyes.
14:37 of 1st period - Shot Blocked by Ladislav Smid.
14:39 of 1st period - Slapshot by Kevin Shattenkirk.
14:39 of 1st period - Deflect By Oskar Osala.
14:39 of 1st period - Shot Misses the Net.
14:39 of 1st period - Puck is out of play.
14:40 of 1st period - David Legwand wins face-off versus Tomas Plekanec in Canadiens zone.
14:43 of 1st period - Wrist shot by David Legwand.
14:43 of 1st period - Shot Blocked by Devin Setoguchi.
14:45 of 1st period - Slapshot by Mike Green.
14:45 of 1st period - Deflect By Devin Setoguchi.
14:45 of 1st period - Stopped by Jonathan Bernier with a rebound.
14:47 of 1st period - Slapshot by Lasse Kukkonen.
14:47 of 1st period - Shot Misses the Net.
14:49 of 1st period - Snap shot by David Legwand.
14:49 of 1st period - Deflect By Brad Boyes.
14:49 of 1st period - Shot Blocked by Wade Redden.
14:49 of 1st period - Puck is out of play.
14:50 of 1st period - David Legwand wins face-off versus Tomas Plekanec in Canadiens zone.
15:01 of 1st period - Wrist shot by Brad Boyes.
15:01 of 1st period - Deflect By Tomas Plekanec.
15:01 of 1st period - Shot Misses the Net.
15:01 of 1st period - Puck is out of play.
15:02 of 1st period - David Legwand wins face-off versus Tomas Plekanec in Canadiens zone.
15:02 of 1st period - David Legwand is hit by Stephane Robidas.
15:16 of 1st period - Wrist shot by Devin Setoguchi.
15:16 of 1st period - Stopped by Mike Brodeur with a rebound.
15:18 of 1st period - Slapshot by Dennis Wideman.
15:18 of 1st period - Stopped by Mike Brodeur with a rebound.
15:38 of 1st period - Wrist shot by Cal Clutterbuck.
15:38 of 1st period - Stopped by Jonathan Bernier without a rebound.
15:39 of 1st period - David Legwand wins face-off versus Tomas Plekanec in Canadiens zone.
15:48 of 1st period - Wrist shot by Tomas Plekanec.
15:48 of 1st period - Stopped by Mike Brodeur without a rebound.
15:49 of 1st period - David Legwand wins face-off versus Tomas Plekanec in Sharks zone.
16:11 of 1st period - Snap shot by Devin Setoguchi.
16:11 of 1st period - Stopped by Mike Brodeur with a rebound.
16:13 of 1st period - Slapshot by Wade Redden.
16:13 of 1st period - Shot Blocked by Mike Green.
16:15 of 1st period - Wrist shot by Devin Setoguchi.
16:15 of 1st period - Shot Misses the Net.
16:17 of 1st period - Wrist shot by Tomas Plekanec.
16:17 of 1st period - Shot Blocked by Brad Boyes.
16:19 of 1st period - Snap shot by Tomas Plekanec.
16:19 of 1st period - Stopped by Mike Brodeur with a rebound.
16:21 of 1st period - Slapshot by Wade Redden.
16:21 of 1st period - Shot Misses the Net.
16:23 of 1st period - Slapshot by Tomas Plekanec.
16:23 of 1st period - Goal by Tomas Plekanec - Canadiens : 1 - Sharks : 0.
16:24 of 1st period - Antoine Vermette wins face-off versus Dustin Boyd in neutral zone.
18:57 of 1st period - Dennis Wideman is hit by Cal Clutterbuck and loses puck.
19:17 of 1st period - Jonas Hoglund is hit by David Legwand and loses puck.
19:34 of 1st period - Erik Cole is hit by Evgeny Dadonov and loses puck.
Goals for this period are 1 for Canadiens vs 0 for Sharks.
Shots for this period are 12 for Canadiens vs 7 for Sharks.
2nd period
0:01 of 2nd period - David Legwand wins face-off versus Tomas Plekanec in neutral zone.
0:04 of 2nd period - Snap shot by Mike Green.
0:04 of 2nd period - Shot Blocked by Tomas Plekanec.
0:06 of 2nd period - Slapshot by Mike Green.
0:06 of 2nd period - Stopped by Jonathan Bernier with a rebound.
0:08 of 2nd period - Wrist shot by Derek Boogaard.
0:08 of 2nd period - Shot Misses the Net.
0:30 of 2nd period - Snap shot by Greg Stewart.
0:30 of 2nd period - Shot Misses the Net.
0:45 of 2nd period - Off-side.
0:46 of 2nd period - Greg Campbell wins face-off versus Andrei Loktionov in neutral zone.
0:49 of 2nd period - Slapshot by Kevin Shattenkirk.
0:49 of 2nd period - Stopped by Jonathan Bernier without a rebound.
0:50 of 2nd period - Greg Campbell wins face-off versus Andrei Loktionov in Canadiens zone.
1:07 of 2nd period - Wrist shot by Greg Campbell.
1:07 of 2nd period - Stopped by Jonathan Bernier without a rebound.
1:08 of 2nd period - David Legwand wins face-off versus Tomas Plekanec in Canadiens zone.
1:11 of 2nd period - Snap shot by David Legwand.
1:11 of 2nd period - Stopped by Jonathan Bernier with a rebound.
1:40 of 2nd period - Snap shot by Dustin Boyd.
1:40 of 2nd period - Stopped by Mike Brodeur without a rebound.
1:41 of 2nd period - David Legwand wins face-off versus Tomas Plekanec in Sharks zone.
1:46 of 2nd period - Wrist shot by Tomas Plekanec.
1:46 of 2nd period - Stopped by Mike Brodeur without a rebound.
1:47 of 2nd period - Tomas Plekanec wins face-off versus David Legwand in Sharks zone.
1:50 of 2nd period - Snap shot by Devin Setoguchi.
1:50 of 2nd period - Stopped by Mike Brodeur without a rebound.
1:51 of 2nd period - Tomas Plekanec wins face-off versus David Legwand in Sharks zone.
1:56 of 2nd period - Snap shot by Tomas Plekanec.
1:56 of 2nd period - Deflect By Patrick Sharp.
1:56 of 2nd period - Stopped by Mike Brodeur without a rebound.
1:57 of 2nd period - David Legwand wins face-off versus Tomas Plekanec in Sharks zone.
2:23 of 2nd period - Off-side.
2:24 of 2nd period - Antoine Vermette wins face-off versus Dustin Boyd in neutral zone.
2:28 of 2nd period - Kevin Shattenkirk is hit by Wade Redden and loses puck.
3:18 of 2nd period - Snap shot by David Legwand.
3:18 of 2nd period - Stopped by Jonathan Bernier without a rebound.
3:19 of 2nd period - Antoine Vermette wins face-off versus Tomas Plekanec in Canadiens zone.
3:25 of 2nd period - Minor Penalty to Matt Carle for Holding Stick.
3:26 of 2nd period - David Legwand wins face-off versus Patrick Sharp in Canadiens zone.
3:26 of 2nd period - Snap shot by Derek Boogaard.
3:26 of 2nd period - Shot Misses the Net.
3:28 of 2nd period - Backhand shot by Mike Green.
3:28 of 2nd period - Stopped by Jonathan Bernier with a rebound.
4:29 of 2nd period - Kim Johnsson is hit by Ladislav Smid and loses puck.
5:24 of 2nd period - Evgeny Dadonov is hit by Oskar Osala and loses puck.
5:25 of 2nd period - Penalty to Matt Carle is over, Matt Carle is back on ice.
5:45 of 2nd period - Slapshot by Wade Redden.
5:45 of 2nd period - Stopped by Mike Brodeur with a rebound.
5:55 of 2nd period - Snap shot by Dustin Boyd.
5:55 of 2nd period - Shot Misses the Net.
5:57 of 2nd period - Snap shot by Dustin Boyd.
5:57 of 2nd period - Shot Misses the Net.
5:59 of 2nd period - Snap shot by Evgeny Dadonov.
5:59 of 2nd period - Deflect By Matt Carle.
5:59 of 2nd period - Shot Misses the Net.
5:59 of 2nd period - Puck is out of play.
6:00 of 2nd period - Tomas Plekanec wins face-off versus Greg Campbell in Sharks zone.
6:04 of 2nd period - Minor Penalty to Martin Erat for Tripping.
6:05 of 2nd period - Tomas Plekanec wins face-off versus David Legwand in Sharks zone.
6:05 of 2nd period - Backhand shot by Patrick Sharp.
6:05 of 2nd period - Shot Blocked by Kim Johnsson.
6:07 of 2nd period - Wrist shot by Stephane Robidas.
6:07 of 2nd period - Shot Misses the Net.
6:09 of 2nd period - Snap shot by Patrick Sharp.
6:09 of 2nd period - Stopped by Mike Brodeur without a rebound.
6:10 of 2nd period - Tomas Plekanec wins face-off versus David Legwand in Sharks zone.
6:21 of 2nd period - Slapshot by Devin Setoguchi.
6:21 of 2nd period - Stopped by Mike Brodeur with a rebound.
6:23 of 2nd period - Wrist shot by Patrick Sharp.
6:23 of 2nd period - Stopped by Mike Brodeur with a rebound.
8:04 of 2nd period - Penalty to Martin Erat is over, Martin Erat is back on ice.
8:18 of 2nd period - Snap shot by Brad Boyes.
8:18 of 2nd period - Deflect By David Legwand.
8:18 of 2nd period - Stopped by Jonathan Bernier with a rebound.
8:58 of 2nd period - Wrist shot by Cal Clutterbuck.
8:58 of 2nd period - Stopped by Jonathan Bernier without a rebound.
8:59 of 2nd period - Antoine Vermette wins face-off versus Martin Hanzal in Canadiens zone.
9:04 of 2nd period - Wrist shot by Antoine Vermette.
9:04 of 2nd period - Stopped by Jonathan Bernier without a rebound.
9:05 of 2nd period - Dustin Boyd wins face-off versus Antoine Vermette in Canadiens zone.
9:21 of 2nd period - Stephane Robidas is hit by Antoine Vermette and loses puck.
9:36 of 2nd period - Snap shot by Kevin Shattenkirk.
9:36 of 2nd period - Shot Blocked by Stephane Robidas.
11:09 of 2nd period - Snap shot by Dustin Boyd.
11:09 of 2nd period - Stopped by Mike Brodeur without a rebound.
11:10 of 2nd period - Dustin Boyd wins face-off versus Martin Erat in Sharks zone.
11:50 of 2nd period - Ladislav Smid is hit by Ryane Clowe and loses puck.
12:07 of 2nd period - Slapshot by Ladislav Smid.
12:07 of 2nd period - Stopped by Mike Brodeur without a rebound.
12:08 of 2nd period - T.J. Hensick wins face-off versus Martin Hanzal in Sharks zone.
12:08 of 2nd period - T.J. Hensick is hit by Patrick Sharp.
14:06 of 2nd period - Backhand shot by Andrei Loktionov.
14:06 of 2nd period - Shot Blocked by Antoine Vermette.
14:08 of 2nd period - Snap shot by Andrei Loktionov.
14:08 of 2nd period - Shot Misses the Net.
14:10 of 2nd period - Backhand shot by Jiri Tlusty.
14:10 of 2nd period - Goal by Jiri Tlusty - Canadiens : 2 - Sharks : 0.
14:11 of 2nd period - Tomas Plekanec wins face-off versus David Legwand in neutral zone.
14:17 of 2nd period - Icing by David Legwand.
14:18 of 2nd period - David Legwand wins face-off versus Tomas Plekanec in Sharks zone.
14:25 of 2nd period - Wrist shot by Brad Boyes.
14:25 of 2nd period - Stopped by Jonathan Bernier with a rebound.
14:27 of 2nd period - Slapshot by David Legwand.
14:27 of 2nd period - Stopped by Jonathan Bernier with a rebound.
14:31 of 2nd period - Slapshot by David Legwand.
14:31 of 2nd period - Shot Misses the Net.
15:28 of 2nd period - Wrist shot by David Legwand.
15:28 of 2nd period - Shot Misses the Net.
15:48 of 2nd period - Wrist shot by Tomas Plekanec.
15:48 of 2nd period - Stopped by Mike Brodeur with a rebound.
16:00 of 2nd period - Backhand shot by Antoine Vermette.
16:00 of 2nd period - Stopped by Jonathan Bernier with a rebound.
16:02 of 2nd period - Slapshot by Mike Green.
16:02 of 2nd period - Deflect By Cal Clutterbuck.
16:02 of 2nd period - Stopped by Jonathan Bernier with a rebound.
16:04 of 2nd period - Slapshot by Mike Green.
16:04 of 2nd period - Shot Blocked by Matt Carle.
16:37 of 2nd period - Wrist shot by Tomas Plekanec.
16:37 of 2nd period - Deflect By Devin Setoguchi.
16:37 of 2nd period - Stopped by Mike Brodeur with a rebound.
16:59 of 2nd period - Minor Penalty to Dustin Boyd for Interference.
17:00 of 2nd period - Patrick Sharp wins face-off versus Derek Boogaard in Canadiens zone.
17:00 of 2nd period - Patrick Sharp is hit by David Legwand.
18:59 of 2nd period - Penalty to Dustin Boyd is over, Dustin Boyd is back on ice.
19:27 of 2nd period - Snap shot by Evgeny Dadonov.
19:27 of 2nd period - Shot Blocked by Erik Cole.
19:29 of 2nd period - Slapshot by Jon Merrill.
19:29 of 2nd period - Stopped by Mike Brodeur with a rebound.
19:45 of 2nd period - Wrist shot by Dustin Boyd.
19:45 of 2nd period - Stopped by Mike Brodeur with a rebound.
19:47 of 2nd period - Slapshot by Jon Merrill.
19:47 of 2nd period - Stopped by Mike Brodeur with a rebound.
Goals for this period are 1 for Canadiens vs 0 for Sharks.
Shots for this period are 16 for Canadiens vs 13 for Sharks.
3rd period
0:01 of 3rd period - David Legwand wins face-off versus Tomas Plekanec in neutral zone.
0:04 of 3rd period - Snap shot by Mike Green.
0:04 of 3rd period - Shot Blocked by Stephane Robidas.
0:21 of 3rd period - Minor Penalty to Tomas Plekanec for Hooking.
0:22 of 3rd period - Patrick Sharp wins face-off versus David Legwand in Canadiens zone.
0:52 of 3rd period - Wrist shot by Cal Clutterbuck.
0:52 of 3rd period - Goal by Cal Clutterbuck - Canadiens : 2 - Sharks : 1.
0:53 of 3rd period - Tomas Plekanec wins face-off versus David Legwand in neutral zone.
2:22 of 3rd period - Snap shot by Evgeny Dadonov.
2:22 of 3rd period - Shot Misses the Net.
2:24 of 3rd period - Snap shot by Patrick Sharp.
2:24 of 3rd period - Shot Misses the Net.
4:40 of 3rd period - Greg Campbell is hit by Patrick Sharp and loses puck.
5:03 of 3rd period - Snap shot by Brad Boyes.
5:03 of 3rd period - Stopped by Jonathan Bernier with a rebound.
5:05 of 3rd period - Wrist shot by Kevin Shattenkirk.
5:05 of 3rd period - Shot Misses the Net.
5:14 of 3rd period - Off-side.
5:15 of 3rd period - Dustin Boyd wins face-off versus Cal Clutterbuck in neutral zone.
5:18 of 3rd period - Mark Streit is hit by Dustin Boyd and loses puck.
5:25 of 3rd period - Stephane Robidas is hit by Cal Clutterbuck and loses puck.
6:28 of 3rd period - Wrist shot by Devin Setoguchi.
6:28 of 3rd period - Goal by Devin Setoguchi - Canadiens : 3 - Sharks : 1.
6:29 of 3rd period - Brad Boyes wins face-off versus Tomas Plekanec in neutral zone.
6:39 of 3rd period - Devin Setoguchi is hit by Brad Boyes and loses puck.
6:56 of 3rd period - Off-side.
6:57 of 3rd period - Antoine Vermette wins face-off versus Dustin Boyd in neutral zone.
7:00 of 3rd period - Slapshot by Kevin Shattenkirk.
7:00 of 3rd period - Stopped by Jonathan Bernier without a rebound.
7:01 of 3rd period - Dustin Boyd wins face-off versus Antoine Vermette in Canadiens zone.
7:20 of 3rd period - Backhand shot by Dustin Boyd.
7:20 of 3rd period - Stopped by Mike Brodeur without a rebound.
7:21 of 3rd period - David Legwand wins face-off versus Tomas Plekanec in Sharks zone.
7:26 of 3rd period - David Legwand is hit by Devin Setoguchi and loses puck.
7:38 of 3rd period - Minor Penalty to Wade Redden for Hooking.
7:39 of 3rd period - Patrick Sharp wins face-off versus David Legwand in Canadiens zone.
8:48 of 3rd period - Snap shot by Brad Boyes.
8:48 of 3rd period - Shot Misses the Net.
8:50 of 3rd period - Snap shot by Derek Boogaard.
8:50 of 3rd period - Deflect By David Legwand.
8:50 of 3rd period - Stopped by Jonathan Bernier with a rebound.
9:38 of 3rd period - Penalty to Wade Redden is over, Wade Redden is back on ice.
9:51 of 3rd period - Kim Johnsson is hit by Andrei Loktionov.
11:23 of 3rd period - Icing by Torey Krug.
11:24 of 3rd period - T.J. Hensick wins face-off versus Martin Hanzal in Canadiens zone.
11:25 of 3rd period - Snap shot by Tuomo Ruutu.
11:25 of 3rd period - Stopped by Jonathan Bernier without a rebound.
11:26 of 3rd period - Antoine Vermette wins face-off versus Dustin Boyd in Canadiens zone.
11:39 of 3rd period - Snap shot by Dustin Boyd.
11:39 of 3rd period - Stopped by Mike Brodeur with a rebound.
11:51 of 3rd period - Stephane Robidas is hit by Brad Boyes and loses puck.
11:57 of 3rd period - Dennis Wideman is hit by Kim Johnsson and loses puck.
12:33 of 3rd period - Off-side.
12:34 of 3rd period - Antoine Vermette wins face-off versus Dustin Boyd in neutral zone.
12:43 of 3rd period - Icing by Torey Krug.
12:44 of 3rd period - David Legwand wins face-off versus Dustin Boyd in Canadiens zone.
13:34 of 3rd period - Wrist shot by Andrei Loktionov.
13:34 of 3rd period - Stopped by Mike Brodeur with a rebound.
13:36 of 3rd period - Slapshot by Matt Carle.
13:36 of 3rd period - Stopped by Mike Brodeur with a rebound.
14:10 of 3rd period - Kevin Shattenkirk is hit by Dennis Wideman and loses puck.
14:15 of 3rd period - Snap shot by Evgeny Dadonov.
14:15 of 3rd period - Stopped by Mike Brodeur without a rebound.
14:16 of 3rd period - Antoine Vermette wins face-off versus Dustin Boyd in Sharks zone.
14:16 of 3rd period - Antoine Vermette is hit by Wade Redden.
14:32 of 3rd period - Slapshot by Cal Clutterbuck.
14:32 of 3rd period - Shot Misses the Net.
14:44 of 3rd period - Wrist shot by Tomas Plekanec.
14:44 of 3rd period - Shot Misses the Net.
15:21 of 3rd period - Antoine Vermette is hit by Greg Stewart and loses puck.
15:48 of 3rd period - Andrej Sekera is hit by Torey Krug and loses puck.
16:31 of 3rd period - Slapshot by Tomas Plekanec.
16:31 of 3rd period - Shot Misses the Net.
17:59 of 3rd period - Brad Boyes is hit by Dennis Wideman and loses puck.
18:10 of 3rd period - Patrick Sharp is hit by Mark Streit and loses puck.
18:41 of 3rd period - Icing by Stephane Robidas.
18:42 of 3rd period - David Legwand wins face-off versus Evgeny Dadonov in Canadiens zone.
Goals for this period are 1 for Canadiens vs 1 for Sharks.
Shots for this period are 6 for Canadiens vs 5 for Sharks.
Back to the Top